[Event "Winter 2018 CCCSA-GM B"]
[Site "Charlotte"]
[Date "2018.01.12"]
[Round "3"]
[White "Gauri, Shankar"]
[Black "Tiglon, Bryce"]
[Result "1/2-1/2"]
[ECO "A29"]
[WhiteElo "2345"]
[BlackElo "2385"]
[Annotator "ChessBase"]
[PlyCount "134"]
[EventDate "2018.01.11"]
[EventType "tourn"]
[EventCountry "USA"]
[SourceTitle "playchess.com"]
[Source "ChessBase"]
[SourceQuality "1"]
[TimeControl "5400+30"]

1. c4 e5 2. Nc3 Nf6 3. Nf3 Nc6 4. d3 d5 5. cxd5 Nxd5 6. g3 Be7 7. Bg2 Nb6 8. Be3 O-O 9. O-O Re8 10. Rc1 Bf8 11. Na4 Nd5 12. Bc5 Bxc5 13. Nxc5 b6 14. Qa4 Ncb4 15. a3 bxc5 16. axb4 cxb4 17. e4 Nb6 18. Qxb4 Bg4 19. Rc3 Nd7 20. Qa5 Qb8 21. b4 Bxf3 22. Bxf3 Nf8 23. Bg4 Qd8 24. Qxc7 Qg5 25. Bf5 Qh5 26. Kg2 g6 27. Bh3 h6 28. f4 exf4 29. Qxf4 Re7 30. Bg4 Qb5 31. Qd6 Qb7 32. Rfc1 Rb8 33. Rc8 Re8 34. Rxe8 Rxe8 35. Rc7 Qb8 36. Qf4 f6 37. Qd6 Qd8 38. Qxd8 Rxd8 39. Rxa7 Rxd3 40. b5 Rb3 41. Rb7 h5 42. Be2 Rb2 43. Kf1 Rb4 44. Re7 g5 45. Re8 Kg7 46. e5 fxe5 47. Rxe5 Kf6 48. Rd5 Ne6 49. Bxh5 Nc7 50. Rd6+ Ke7 51. Rg6 Rxb5 52. Rg7+ Kd6 53. Be2 Rc5 54. Rg6+ Ke7 55. Rg7+ Kf6 56. Rd7 Ne6 57. Kf2 Rc2 58. Ke3 Ra2 59. Bc4 Ra3+ 60. Rd3 Rxd3+ 61. Kxd3 Ng7 62. Ke4 Nf5 63. Bd3 Nh6 64. Kd5 Ng4 65. h3 Nf2 66. Bf1 g4 67. hxg4 Nxg4 1/2-1/2

[Event "Winter 2018 CCCSA-GM B"]
[Site "Charlotte"]
[Date "2018.01.11"]
[Round "4"]
[White "Ostrovskiy, Aleksandr"]
[Black "Jacobson, Brandon"]
[Result "1-0"]
[ECO "B47"]
[WhiteElo "2391"]
[BlackElo "2376"]
[Annotator "ChessBase"]
[PlyCount "107"]
[EventDate "2018.01.11"]
[EventType "tourn"]
[EventCountry "USA"]
[SourceTitle "playchess.com"]
[Source "ChessBase"]
[SourceQuality "1"]
[TimeControl "5400+30"]

1. e4 c5 2. Nf3 e6 3. d4 cxd4 4. Nxd4 Nc6 5. Nc3 Qc7 6. Qd3 Nf6 7. Ndb5 Qb8 8. Qg3 d6 9. Be3 a6 10. Nd4 Bd7 11. O-O-O b5 12. Nxc6 Bxc6 13. f3 Nd7 14. Kb1 Ne5 15. Bd4 b4 16. Ne2 a5 17. Nc1 a4 18. Be2 b3 19. axb3 axb3 20. Nxb3 Ba4 21. Nc1 Nc6 22. Bc3 Nb4 23. b3 Bc6 24. Rd4 d5 25. Qxb8+ Rxb8 26. exd5 Nxd5 27. Bb2 Ne3 28. g3 Bc5 29. Rd3 Nd5 30. Bxg7 Rg8 31. Be5 Ra8 32. Rhd1 h5 33. Na2 h4 34. c4 Ne3 35. Rc1 hxg3 36. hxg3 Ke7 37. b4 Ba7 38. b5 Bb7 39. Bd6+ Kf6 40. g4 Rg5 41. Bf4 Re5 42. Bxe5+ Kxe5 43. c5 Nd5 44. b6 Bb8 45. Rb3 Ne7 46. Nb4 Ra4 47. c6 Rxb4 48. Rxb4 Nxc6 49. Re4+ Kd6 50. Ra4 Nd8 51. Rd4+ Ke7 52. Bb5 Bd5 53. Rc7+ Kf6 54. Rxd5 1-0